 Dungeon Crawl Stone Soup version 0.31-a0-1395-g7c67ea8c80 (webtiles) character file.

Game seed: 6336415825672408671

3809841 Amplified the Warmonger (level 27, 211/211 HPs)
             Began as a Demonspawn Gladiator on Dec 25, 2023.
             Was a High Priest of Okawaru.
             Escaped with the Orb
             ... and 5 runes
             ... and 1 gem!
             The game lasted 01:42:52 (56467 turns).

Amplified the Warmonger (Demonspawn Gladiator)     Turns: 56467, Time: 01:42:52

Health: 211/211    AC: 35    Str: 30    XL:     27
Magic:  36/36      EV: 22    Int: 21    God:    Okawaru [*****.]
Gold:   5048       SH: 23    Dex: 23    Spells: 26/26 levels left

rFire   + + .        j - +9 broad axe (spect)
rCold   + + +        S - +3 kite shield of Vexation {rF- rN+ Int+6}
rNeg    + . .        e - +5 gold dragon scales
rPois   +            (helmet unavailable)
rElec   +            X - scarf {rC+ rF+}
rCorr   +            z - +0 pair of gloves of the Elven Halls {rC+ Int+7 Dex+2 Stlth-}
SInv    .            x - +3 pair of mountain boots {steadfast, rC+}
Will    ++...        p - amulet of reflection Stlth
                     s - ring of Qoq Hut {^Drain rElec rC+ Str+5 Dex+6}
HPRegen 0.55/turn    G - ring "Leat" {Wiz rF+ rC+ rCorr Stlth-}
MPRegen 0.50/turn

%: reflection, guardian spirit, wizardry (x1)
@: studying 4 skills
A: horns 3, powered by death 3, magic shield, magic regeneration, magic link,
sturdy frame 3, corrupting presence 2, word of chaos, talons 1, clumsy 1, dopey
1, frail 1, low MP 1, MP-powered wands
0: Orb of Zot
}: 5/15 runes: decaying, slimy, silver, abyssal, gossamer
a: Word of Chaos, Renounce Religion, Heroism, Finesse, Duel


You escaped.
You worshipped Okawaru.
Okawaru was extremely pleased with you.
You visited 11 branches of the dungeon, and saw 55 of its levels.
You visited the Abyss 3 times.
You visited 1 ziggurat, and saw 6 of its levels.
You also visited: Bailey and Volcano.

You collected 9325 gold pieces.
You spent 4277 gold pieces at shops.

Inventory:

Hand Weapons
 c - the +7 lajatang of Order {silver, rMut}
   (Okawaru gifted it to you on level 1 of the Lair of Beasts)

   rMut:      It protects you from mutation.
 j - a +9 spectral broad axe (weapon)
 F - the +6 broad axe of Eminent Domain {freeze, Int+3}
   (You acquired it on level 1 of the Elven Halls)

   Int+3:     It affects your intelligence (+3).
Missiles
 d - 5 throwing nets
 k - a javelin
 v - 16 silver javelins (quivered)
 A - 7 curare-tipped darts
Armour
 e - +5 gold dragon scales (worn)
 h - the +12 chain mail of the Nexus {Dex+4}
   (You found it on level 4 of the Dungeon)

   Dex+4:     It affects your dexterity (+4).
 x - the +3 pair of mountain boots (worn) {steadfast, rC+}
   (You found it on level 3 of the Elven Halls)

   Steadfast: It prevents involuntary movement, except for blinking,
   teleportation, or banishment.
   rC+:       It protects you from cold.
 z - the +0 pair of gloves of the Elven Halls (worn) {rC+ Int+7 Dex+2 Stlth-}
   (You found it on level 4 of the Spider Nest)

   Int+7:     It affects your intelligence (+7).
   Dex+2:     It affects your dexterity (+2).
   rC+:       It protects you from cold.
   Stlth-:    It makes you less stealthy.
 D - a +2 pair of boots of flying
 S - the +3 kite shield of Vexation (worn) {rF- rN+ Int+6}
   (Okawaru gifted it to you on level 1 of the Lair of Beasts)

   Int+6:     It affects your intelligence (+6).
   rF-:       It makes you vulnerable to fire.
   rN+:       It protects you from negative energy.
 X - a scarf of resistance (worn)
Jewellery
 l - the ring "Poynid" {^Contam rPois rN+ Int+2}
   (You found it on level 3 of the Crypt)

   [ring of positive energy]

   Int+2:     It affects your intelligence (+2).
   rPois:     It protects you from poison rN+: It protects you from negative
   energy.
   ^Contam:   It causes magical contamination when unequipped.
 p - an amulet of reflection (around neck)
 s - the ring of Qoq Hut (left hand) {^Drain rElec rC+ Str+5 Dex+6}
   (You found it on level 3 of the Crypt)

   [ring of dexterity]

   Str+5:     It affects your strength (+5).
   Dex+6:     It affects your dexterity (+6).
   rC+:       It protects you from cold.
   rElec:     It insulates you from electricity.
   ^Drain:    It drains your maximum health when unequipped.
 G - the ring "Leat" (right hand) {Wiz rF+ rC+ rCorr Stlth-}
   (You found it on level 5 of the Pits of Slime)

   [ring of wizardry]

   Wiz:       It improves your spell success rate.
   rF+:       It protects you from fire.
   rC+:       It protects you from cold.
   rCorr:     It protects you from acid and corrosion.
   Stlth-:    It makes you less stealthy.
 R - the ring of Tirghosotu {rF+ Will+ Stlth+}
   (You found it on level 3 of the Crypt)

   [ring of willpower]

   rF+:       It protects you from fire.
   Will+:     It increases your willpower.
   Stlth+:    It makes you more stealthy.
 W - the ring of Loblymah {rN+ rCorr Dex+5}
   (You bought it in a shop on level 2 of the Orcish Mines)

   [ring of positive energy]

   Dex+5:     It affects your dexterity (+5).
   rN+:       It protects you from negative energy.
   rCorr:     It protects you from acid and corrosion.
Wands
 g - a wand of polymorph (35)
 r - a wand of iceblast (89)
 C - a wand of mindburst (46)
 E - a wand of flame (19)
 O - a wand of digging (22)
 V - a wand of quicksilver (12)
Scrolls
 b - 12 scrolls of fog
 n - 2 scrolls of vulnerability
 t - a scroll of silence
 w - 34 scrolls of teleportation
 y - 7 scrolls of poison
 I - 9 scrolls of amnesia
 K - 2 scrolls of brand weapon
 L - 4 scrolls of torment
 N - 9 scrolls of fear
 P - 6 scrolls of enchant weapon
 Q - 13 scrolls of immolation
 T - 3 scrolls of revelation
 Z - 6 scrolls of blinking
Potions
 a - a potion of invisibility
 f - 11 potions of heal wounds
 i - 6 potions of might
 m - 9 potions of brilliance
 o - 4 potions of mutation
 q - 11 potions of curing
 u - 9 potions of ambrosia
 B - 7 potions of enlightenment
 H - 7 potions of magic
 J - 5 potions of haste
 M - 2 potions of resistance
 U - a potion of berserk rage
 Y - a potion of attraction


   Skills:
 - Level 23.3 Fighting
 - Level 18.9 Axes
 - Level 12.4 Throwing
 * Level 21.9 Armour
 * Level 19.3 Dodging
 - Level 15.2 Shields
 O Level 27 Invocations


You had 26 spell levels left.
You didn't know any spells.
Your spell library contained the following spells:

 Spells                   Type           Power      Damage    Failure   Level
 Apportation              Tloc           0%         N/A       30%         1
 Foxfire                  Conj/Fire      0%         2x1d4     30%         1
 Kiss of Death            Conj/Necr      0%         2d5       30%         1
 Magic Dart               Conj           0%         1d3       30%         1
 Necrotise                Necr           0%         1d4       30%         1
 Shock                    Conj/Air       0%         1d3       30%         1
 Slow                     Hex            0%         N/A       30%         1
 Sting                    Conj/Alch      0%         1d3       30%         1
 Cigotuvi's Dreadful Rot  Necr/Alch/Air  0%         N/A       41%         2
 Ensorcelled Hibernation  Hex/Ice        0%         N/A       41%         2
 Jinxbite                 Hex            0%         N/A       41%         2
 Mercury Vapours          Alch/Air       0%         N/A       41%         2
 Passwall                 Alch/Erth      0%         N/A       41%         2
 Scorch                   Fire           0%         2d5       41%         2
 Searing Ray              Conj           0%         2d4       41%         2
 Sublimation of Blood     Necr           0%         N/A       41%         2
 Confusing Touch          Hex            0%         N/A       65%         3
 Dazzling Flash           Conj/Hex       0%         N/A       65%         3
 Frozen Ramparts          Ice            0%         1d1       65%         3
 Fugue of the Fallen      Necr           0%         N/A       65%         3
 Gell's Gravitas          Tloc           0%         N/A       65%         3
 Inner Flame              Hex/Fire       0%         N/A       65%         3
 Ozocubu's Armour         Ice            0%         N/A       65%         3
 Sigil of Binding         Hex            0%         N/A       65%         3
 Stone Arrow              Conj/Erth      0%         3d7       65%         3
 Swiftness                Air            0%         N/A       65%         3
 Vampiric Draining        Necr           0%         2d6       65%         3
 Volatile Blastmotes      Fire/Tloc      0%         2d10      65%         3
 Airstrike                Air            0%         2d(0-16)  95%         4
 Anguish                  Hex/Necr       0%         N/A       95%         4
 Dimensional Bullseye     Hex/Tloc       0%         N/A       95%         4
 Dispel Undead            Necr           0%         3d6       95%         4
 Flame Wave               Conj/Fire      0%         2d4       95%         4
 Fulminant Prism          Conj/Alch      0%         3d5       95%         4
 Ignite Poison            Fire/Alch      0%         N/A       95%         4
 Iskenderun's Mystic Bla  Conj/Tloc      0%         2d3       95%         4
 Leda's Liquefaction      Alch/Erth      0%         N/A       95%         4
 Manifold Assault         Tloc           0%         N/A       95%         4
 Olgreb's Toxic Radiance  Alch           0%         N/A       95%         4
 Petrify                  Alch/Erth      0%         N/A       95%         4
 Sticky Flame             Fire/Alch      0%         2d4       95%         4
 Vhi's Electric Charge    Tloc/Air       0%         N/A       95%         4
 Agony                    Necr           0%         N/A       100%        5
 Alistair's Intoxication  Alch           0%         N/A       100%        5
 Arcjolt                  Conj/Air       0%         1d10      100%        5
 Irradiate                Conj/Alch      0%         3d11      100%        5
 Iskenderun's Battlesphe  Conj           0%         2d6       100%        5
 Lee's Rapid Deconstruct  Erth           0%         3d4*      100%        5
 Metabolic Englaciation   Hex/Ice        0%         N/A       100%        5
 Yara's Violent Unravell  Hex/Alch       0%         3d3       100%        5
 Bombard                  Conj/Erth      0%         9d1       100%        6
 Conjure Ball Lightning   Conj/Air       0%         3x3d6     100%        6
 Eringya's Noxious Bog    Alch           0%         4d6       100%        6
 Plasma Beam              Fire/Air       0%         2x1d10    100%        6
 Starburst                Conj/Fire      0%         6d3       100%        6
 Enfeeble                 Hex            0%         N/A       100%        7
 Ozocubu's Refrigeration  Ice            0%         4d7       100%        7
 Discord                  Hex            0%         N/A       100%        8
 Disjunction              Tloc           0%         N/A       100%        8
 Ignition                 Fire           0%         3d3       100%        8
 Lehudib's Crystal Spear  Conj/Erth      0%         10d2      100%        8
 Maxwell's Capacitive Co  Air            0%         ∞         100%        8
 Death's Door             Necr           0%         N/A       100%        9
 Summon Small Mammal      Summ           Unusable   N/A       N/A         1
 Call Imp                 Summ           Unusable   N/A       N/A         2
 Call Canine Familiar     Summ           Unusable   N/A       N/A         3
 Summon Guardian Golem    Hex/Summ       Unusable   N/A       N/A         3
 Tukima's Dance           Hex            Unusable   N/A       N/A         3
 Animate Armour           Summ/Erth      Unusable   N/A       N/A         4
 Summon Ice Beast         Ice/Summ       Unusable   N/A       N/A         4
 Summon Lightning Spire   Summ/Air       Unusable   N/A       N/A         4
 Death Channel            Necr           Unusable   N/A       N/A         6
 Simulacrum               Ice/Necr       Unusable   N/A       N/A         6
 Summon Cactus Giant      Summ           Unusable   N/A       N/A         6
 Malign Gateway           Summ/Tloc      Unusable   N/A       N/A         7
 Spellforged Servitor     Conj/Summ      Unusable   N/A       N/A         7
 Summon Hydra             Summ           Unusable   N/A       N/A         7

Dungeon Overview and Level Annotations

Branches:
Dungeon (15/15)            Temple (0/1) D:5            Lair (5/5) D:11
  Swamp (4/4) Lair:3       Spider (4/4) Lair:2        Slime (5/5) Lair:5
    Orc (2/2) D:11            Elf (3/3) Orc:2        Vaults (5/5) D:14
  Crypt (3/3) Vaults:2       Tomb (0/3) Crypt:3      Depths (4/4) D:15
    Zot (5/5) Depths:4     Bailey (visited)         Volcano (visited)

Altars:
Ashenzari
Cheibriados
Fedhas
Hepliaklqana
Makhleb
Nemelex Xobeh
Okawaru
Ru
Sif Muna
Trog
Wu Jian
Xom
Yredelemnul
Jiyva

Shops:
D:3 :*   D:6 (   Orc:1 *   Orc:2 [?*=?   Elf:1 =:=   Vaults:1 :   Vaults:2 ?
Depths:4 =:?

Portals:
Hell: Depths:1 Depths:2 Depths:3 Depths:4
Abyss: Depths:2 Depths:3
Pandemonium: Depths:3

Annotations:
Elf:2 5 runed translucent doors
Zot:3 1 transporter


Innate Abilities, Weirdness & Mutations

You have a pair of large horns on your head.
You regenerate a lot of health from kills.
When hurt, damage is shared between your health and your magic reserves.
You regenerate magic rapidly.
When low on magic, you restore magic in place of health.
Your movements are significantly less encumbered by armour. (ER -6)
Your presence sometimes corrodes or deforms those you injure.
You can speak a Word of Chaos.
You have sharp toenails.
You are clumsy. (Dex -2)
You are dopey. (Int -2)
You are frail. (-10% HP)
Your magical capacity is low. (-10% MP)
You expend magic power (3 MP) to strengthen your wands.


Message History

You block the angel's attack. The angel misses you.
You carve the angel like a ham!!! Your headbutt misses the angel.
The angel is almost dead.
Your +9 spectral broad axe hits the angel!
You kill the angel!
Okawaru accepts your kill.
No target in view!
Your +9 spectral broad axe disappears.
There is a stone staircase leading up here.
Magic restored.
You climb upwards.
There is a stone staircase leading down here.
Unknown command.
What level of the Dungeon? (default 1, ? - help)
There is a stone staircase leading up here.
You climb upwards.
There is a stone staircase leading down here.
Things that are here:
a +0 ring mail; a +0 short sword You barely miss the goblin.
Your +9 spectral broad axe hits the goblin!!!
You kill the goblin!
No target in view!
You swap places.
Your +9 spectral broad axe disappears.
Your hands slow down.
There is a stone staircase leading up here.
You climb upwards.
There is a stone staircase leading down here.
Unknown command.
What level of the Dungeon? (default 1, ? - help)
There is a stone staircase leading up here.
You climb upwards.
There is a stone staircase leading down here.
There is a faded altar of an unknown god here.
You feel like a meek peon again.
You see here 7 stones.
There is an open door here.
There is a staircase leading out of the dungeon here.
You have escaped!

#.## #....##.##.## ####### #.#
##.#.##.##.# #.#
#.#.##.##.########### #.#
#.#....##.#.......... #.#
#.......#.#.######### #.#
##.++++'+#...## #.#######
#..+....+.....#######
#.......###..+....+...#.......##
######...##..+.@..+.....####...#
#......#..+....+...######...#
#.#....##.++'++'...####......
#.##.#..........#.......)..[.
#.##.#.)#######.#..####......
#.##....# #.#..# ###...#
#.##....# #.#..# ##...#
#.##....# #....#####.....
#.##....# #.#...........#


There were no monsters in sight!

Vanquished Creatures
  the Royal Jelly (Slime:5)
  Dissolution (Slime:5)
  Frederick (Vaults:5)
  2 dread liches
  3 orbs of fire
  7 ancient liches
  Mara (Vaults:4)
  2 royal mummies (Depths:3)
  A pandemonium lord (D:6)
  Sojobo (Vaults:4)
  2 Killer Klowns
  Boris (Depths:4)
  3 curse toes
  10 golden dragons
  Nikola (Elf:3)
  A bone dragon (Crypt:3)
  2 electric golems
  A hellephant (Abyss:5)
  Mlioglotl (Arena)
  22 Orb Guardians (Zot:5)
  17 tentacled monstrosities
  Rupert (Lair:4)
  Asterion (Elf:1)
  7 quicksilver dragons
  8 liches
  2 deep elf blademasters (Elf:3)
  3 titans
  A deep elf master archer (Elf:3)
  6 ancient champions
  11 sphinxes
  An Executioner (Abyss:4)
  2 thorn hunters (Swamp:4)
  5 tentacled starspawn
  17 acid blobs
  The ghost of Bizboz the Eclecticist, an adept DjAl of Qazlal (Elf:1)
  12 death cobs
  Kirke (Elf:1)
  10 shadow dragons
  A revenant (Crypt:2)
  A daeva (Vaults:3)
  7 tengu reavers
  The ghost of Impy the Warrior, an adept DsGl of Gozag (Swamp:3)
  20 storm dragons
  8 rockslimes
  7 protean progenitors
  The ghost of haldagan the Fencer, an adept BaWr of Cheibriados (D:14)
  A fenstrider witch (Swamp:4)
  4 azure jellies
  10 draconian knights
  6 fire giants
  3 emperor scorpions
  9 draconian monks
  3 balrugs
  Louise (D:15)
  5 deep elf elementalists (Elf:3)
  9 draconian shifters
  An angel (D:5)
  9 deep elf sorcerers
  A juggernaut zombie (Crypt:1)
  15 vault wardens
  4 iron dragons
  9 draconian scorchers
  6 ghost moths
  5 spectral caustic shrikes (Depths:4)
  3 frost giants
  19 ironbound preservers
  4 broodmothers
  An orc warlord (D:14)
  13 ghouls
  5 draconian stormcallers
  19 stone giants
  7 draconian annihilators
  3 curse skulls
  3 reapers
  19 very ugly things
  4 ironbound thunderhulks
  4 vampire knights
  8 quicksilver oozes (Slime:5)
  7 formless jellyfish
  5 deep elf demonologists (Elf:3)
  10 deep elf death magi
  5 eleionomae
  2 bunyips (Swamp:4)
  7 green draconians
  16 purple draconians
  8 dire elephants
  11 black draconians
  7 yellow draconians
  2 war gargoyles (Vaults:5)
  10 red draconians
  10 white draconians
  A green death (Abyss:2)
  13 deep elf annihilators
  9 spark wasps
  5 eidola
  Azrael (Elf:1)
  3 mummy priests (Depths:3)
  10 jiangshi
  Josephine (Lair:3)
  9 fire dragons
  A blizzard demon (Abyss:4)
  A shambling mangrove (Swamp:4)
  2 entropy weavers (shapeshifter)
  A spriggan zombie (Abyss:4)
  21 ettins
  15 yaktaur captains
  13 ice dragons
  3 deep elf high priests
  3 rakshasas
  5 entropy weavers
  28 vault guards
  3 ogre magi
  8 great orbs of eyes
  3 ghost crabs
  24 hydras
  28 centaur warriors
  An anaconda (Zig:6)
  An alligator (Swamp:1)
  4 spriggan air magi
  2 death knights
  Erica (Abyss:2)
  8 ironbound frosthearts
  A spriggan skeleton (Crypt:3)
  A satyr (Zig:4)
  5 boulder beetles
  2 radroaches (Spider:3)
  13 two-headed ogres
  A catoblepas (Lair:4)
  15 dancing weapons
  9 demonic crawlers
  A sphinx zombie (Crypt:3)
  10 vampire magi
  12 tengu warriors
  A quicksilver ooze zombie (Crypt:3)
  A shock serpent (Zig:6)
  3 spriggan berserkers
  15 deep troll earth magi
  3 occultists
  2 orc high priests
  6 thrashing horrors
  A titan zombie (Crypt:2)
  Urug (Lair:2)
  10 deep troll shamans
  2 hell hogs
  7 sun demons (Abyss:4)
  A soul eater (Depths:3)
  4 spriggans
  4 naga sharpshooters
  7 wretched stars
  Nergalle (Orc:1)
  A fire crab (Volcano)
  2 titan skeletons (Crypt:2)
  9 iron trolls
  10 deep elf knights
  20 hell knights
  35 skeletal warriors
  A bunyip zombie (Crypt:2)
  3 skysharks (Zot:3)
  A death drake (Swamp:3)
  6 pharaoh ants
  3 shadow wraiths
  2 sixfirhies (Depths:2)
  A goliath frog (shapeshifter) (Vaults:1)
  A shadow demon (Abyss:5)
  59 deep trolls
  3 goliath frogs
  4 spriggan druids
  A spark wasp zombie (Crypt:1)
  A spatial maelstrom (Abyss:5)
  3 glowing orange brains
  15 orb spiders
  7 swamp dragons
  2 flayed ghosts (Crypt:3)
  A naga ritualist (Zig:6)
  15 phantasmal warriors
  5 bog bodies
  A sun moth (Spider:4)
  An iron giant zombie (Crypt:2)
  10 orc knights
  11 lindwurms
  A steelbarb worm (Spider:4)
  Pikel (D:8)
  22 deep elf zephyrmancers
  14 ironbound convokers
  A tengu skeleton (Vaults:2)
  4 deep elf archers
  18 deep elf pyromancers
  2 starcursed masses (Abyss:2)
  A harpy (Vaults:2)
  7 necromancers
  4 arcanists
  A jorogumo skeleton (Crypt:1)
  7 will-o-the-wisps
  3 orc sorcerers
  A faun (Zig:4)
  21 wolf spiders
  5 shining eyes
  27 ugly things
  2 worldbinders
  37 moths of wrath
  8 elephants (Lair:5)
  5 cyclopes
  A manticore (D:12)
  A salamander (Depths:4)
  Maurice (D:7)
  3 meliai (D:12)
  4 kobold blastminers (Orc:2)
  23 vault sentinels
  A stone giant skeleton (Vaults:2)
  A guardian serpent (Depths:3)
  3 molten gargoyles (Lair:5)
  8 black mambas
  A cane toad (shapeshifter) (D:14)
  2 smoke demons
  A gargoyle (D:14)
  17 cane toads
  A frost giant skeleton (Vaults:2)
  3 eyes of devastation
  5 torpor snails
  3 orange demons
  A dire elephant skeleton (Crypt:2)
  2 unseen horrors
  8 kobold demonologists
  3 hellions
  4 rime drakes
  9 large abominations
  2 efreet (D:13)
  A tormentor (Depths:2)
  9 freezing wraiths
  Jeremiah (Lair:1)
  A bunyip simulacrum (Crypt:2)
  An ice devil (Depths:2)
  7 swamp worm zombies (Crypt:1)
  5 ancient zymes
  16 komodo dragons
  A merfolk (shapeshifter) (Depths:1)
  25 yaktaurs
  5 guardian mummies
  6 tengu conjurers
  A queen bee (shapeshifter) (D:14)
  6 human skeletons
  14 trolls
  13 tyrant leeches
  2 yaktaur skeletons (Vaults:2)
  A troll (shapeshifter) (Depths:1)
  A hornet (shapeshifter) (D:13)
  A wolf spider simulacrum (D:14)
  12 hornets
  10 raiju
  4 glass eyes
  32 tarantellas
  2 tarantellas (shapeshifter)
  18 blink frogs
  A satyr zombie (Crypt:1)
  An ettin zombie (Crypt:1)
  A glass eye (shapeshifter) (Vaults:5)
  7 dream sheep (Lair:4)
  20 jumping spiders
  A meliai zombie (D:14)
  59 slime creatures
  5 shadows
  22 culicivoras
  A centaur simulacrum (D:14)
  5 water elementals
  8 wyverns
  8 air elementals
  2 ettin skeletons (Vaults:2)
  27 yaks
  2 vampires (D:14)
  A wyvern (shapeshifter) (Elf:2)
  6 ynoxinuls
  3 hogs (Elf:1)
  22 wraiths
  3 fire bats (Lair:1)
  10 golden eyes
  9 basilisks
  7 fire elementals
  13 steam dragons
  49 redbacks
  7 vampire mosquitoes
  7 neqoxecs
  11 wargs
  3 chaos spawn
  Menkaure (D:4)
  8 small abominations
  2 elf skeletons
  20 swamp worms
  A two-headed ogre zombie (Crypt:3)
  4 acid dragons
  9 hell hounds
  18 water moccasins
  A water nymph skeleton (Crypt:2)
  2 ice beasts
  4 swamp drakes
  A hornet zombie (Crypt:2)
  42 orc warriors
  2 sky beasts (D:7)
  7 laughing skulls
  9 centaurs
  A tengu (shapeshifter) (Vaults:5)
  22 ogres
  17 wolves
  A lindwurm skeleton (Crypt:2)
  2 lemures (D:8)
  2 weeping skulls (Abyss:4)
  2 kobold brigands
  A rime drake skeleton (Crypt:3)
  A brain worm (Abyss:2)
  2 elf zombies (Elf:1)
  6 scorpions
  18 bullfrogs
  4 necrophages
  8 gnoll sergeants
  5 earth elementals
  A water moccasin skeleton (Crypt:2)
  A shapeshifter zombie (Crypt:2)
  A raiju zombie (Crypt:2)
  16 killer bees
  A swamp dragon simulacrum (Crypt:2)
  8 howler monkeys
  7 electric eels
  A wolf zombie (Crypt:2)
  5 lava snakes (Lair:5)
  6 jellies
  A black bear zombie (Crypt:3)
  3 human zombies (Crypt:1)
  11 orc priests
  4 gnoll boudas
  3 hounds
  2 black bear skeletons (Crypt:1)
  6 iguanas
  Natasha (thrice) (D:4)
  29 orc wizards
  A sleepcap (D:6)
  15 mummies
  16 gnolls
  13 adders
  A steam dragon skeleton (Crypt:3)
  2 shadow imps
  2 white imps
  4 ufetubi
  An adder skeleton (Crypt:2)
  5 worms
  2 dart slugs
  87 orcs
  9 endoplasms
  4 giant cockroaches
  9 goblins
  10 hobgoblins
  3 jackals (D:1)
  6 quokkas
  6 ball pythons
  8 bats
  8 frilled lizards
  A jackal skeleton (Crypt:3)
  15 kobolds
  An orc skeleton (Crypt:2)
  A quokka zombie (Crypt:3)
  7 rats
  2 aspiring fleshes (Zot:1)
  A spectral weapon (Elf:1)
  10 starspawn tentacles
2528 creatures vanquished.

Vanquished Creatures (others)
  An acid blob (Elf:1)
  A draconian monk (Zot:5)
  An ogre mage (Orc:2)
  2 alligators (Swamp:3)
  An occultist (Depths:1)
  A deep elf knight (Elf:1)
  4 deep elf zephyrmancers
  A wolf spider (Spider:3)
  2 bloated husks
  2 hornets
  2 spriggans
  3 slime creatures (Elf:1)
  4 golden eyes (Elf:1)
  A redback (Spider:4)
  2 nagas (Abyss:5)
  2 swamp worms
  An earth elemental (Elf:3)
  An endoplasm (D:13)
  18 foxfires
  28 spectral weapons
  11 starspawn tentacles
89 creatures vanquished.

Grand Total: 2617 creatures vanquished

Notes
Turn   | Place    | Note
-------+----------+-------------------------------------------
     0 | D:1      | Amplified the Demonspawn Gladiator began the quest for the
                  | Orb.
     0 | D:1      | Reached XP level 1. HP: 16/16 MP: 1/1
    79 | D:1      | Found a faded altar of an unknown god.
   434 | D:1      | Gained mutation: You regenerate a little health from kills.
                  | [demonic ancestry]
   434 | D:1      | Reached XP level 2. HP: 23/23 MP: 2/2
   651 | D:1      | Reached XP level 3. HP: 23/28 MP: 3/3
   811 | D:2      | Found an iron altar of Okawaru.
   827 | D:2      | Became a worshipper of Warmaster Okawaru
  1215 | D:2      | Reached skill level 1 in Armour
  1365 | D:2      | Reached skill level 1 in Invocations
  1416 | D:2      | Reached XP level 4. HP: 30/34 MP: 4/4
  1955 | D:3      | Found Ryrous's General Store.
  1962 | D:3      | Found Nuclya's Book Boutique.
  1982 | D:3      | Bought a potion of heal wounds for 65 gold pieces
  2639 | D:3      | Found a blossoming altar of Fedhas.
  2645 | D:3      | Found a sacrificial altar of Ru.
  2647 | D:3      | Found an iron altar of Okawaru.
  2714 | D:4      | Found a shimmering blue altar of Sif Muna.
  2758 | D:4      | Reached skill level 2 in Invocations
  2758 | D:4      | Reached XP level 5. HP: 35/41 MP: 6/6
  2798 | D:4      | Found a bloodstained altar of Trog.
  2879 | D:4      | Noticed Natasha
  2885 | D:4      | Killed Natasha
  2885 | D:4      | Reached * piety under Okawaru
  2995 | D:4      | Noticed Natasha
  3001 | D:4      | Killed Natasha
  3009 | D:4      | Reached skill level 3 in Invocations
  3009 | D:4      | Gained mutation: You have a pair of small horns on your
                  | head. [demonic ancestry]
  3009 | D:4      | Reached XP level 6. HP: 44/48 MP: 3/8
  3036 | D:4      | Noticed Natasha
  3045 | D:4      | Killed Natasha
  3104 | D:4      | Noticed Menkaure
  3113 | D:4      | Killed Menkaure
  3194 | D:4      | Found a snail-covered altar of Cheibriados.
  3236 | D:4      | Identified the +12 chain mail of the Nexus {Dex+4}
  3402 | D:5      | Entered Level 5 of the Dungeon
  3408 | D:5      | Reached skill level 4 in Invocations
  3408 | D:5      | Gained mutation: You have a pair of horns on your head.
                  | [demonic ancestry]
  3408 | D:5      | Reached XP level 7. HP: 49/54 MP: 5/10
  3487 | D:5      | Reached ** piety under Okawaru
  3632 | D:5      | Identified the +1 mace of Patience {pain, rC+ Int+5 SInv}
  4009 | D:5      | Reached skill level 5 in Axes
  4009 | D:5      | Reached skill level 5 in Invocations
  4083 | D:5      | Reached skill level 5 in Fighting
  4321 | D:5      | Found a staircase to the Ecumenical Temple.
  4453 | D:6      | Gained mutation: You regenerate magic rapidly. [demonic
                  | ancestry]
  4453 | D:6      | Reached XP level 8. HP: 61/62 MP: 7/12
  4566 | D:6      | Found Eveottorgh's Antique Weapon Emporium.
  4572 | D:6      | Bought a glowing broad axe for 203 gold pieces
  4573 | D:6      | Identified a scroll of acquirement
  4573 | D:6      | Acquired a manual of Throwing
  4758 | D:6      | Reached skill level 6 in Invocations
  5134 | D:6      | Found a broken altar of Ashenzari.
  5266 | D:7      | Noticed Maurice
  5270 | D:7      | Reached skill level 7 in Invocations
  5274 | D:7      | Killed Maurice
  5274 | D:7      | Reached *** piety under Okawaru
  5275 | D:7      | Gained mutation: Your movements are slightly less
                  | encumbered by armour. (ER -2) [demonic ancestry]
  5275 | D:7      | Reached XP level 9. HP: 55/71 MP: 0/14
  5400 | D:7      | Reached skill level 8 in Invocations
  5409 | D:7      | Reached skill level 5 in Dodging
  5458 | D:7      | Reached **** piety under Okawaru
  5476 | D:7      | Found a shimmering altar of Xom.
  5491 | D:7      | Reached skill level 1 in Shields
  5729 | D:7      | Found a burning altar of Makhleb.
  6006 | D:8      | Reached skill level 9 in Invocations
  6078 | D:8      | Gained mutation: You regenerate health from kills. [demonic
                  | ancestry]
  6078 | D:8      | Reached XP level 10. HP: 79/79 MP: 10/16
  6196 | D:8      | Found a hazy altar of Hepliaklqana.
  6691 | D:8      | Noticed Pikel
  6701 | D:8      | Killed Pikel
  6701 | D:8      | Reached ***** piety under Okawaru
  7145 | D:9      | Found a flagged portal.
  7154 | Bailey   | Entered a bailey
  7254 | Bailey   | Identified the +4 sling "Giantslayer" {flame, rElec rF+
                  | rCorr Dex+3}
  7265 | Bailey   | Reached skill level 10 in Invocations
  7495 | D:9      | Acquired a manual of Armour
  7935 | D:9      | Reached XP level 11. HP: 56/87 MP: 14/19
  8007 | D:9      | Reached skill level 11 in Invocations
  8274 | D:9      | Received a gift from Okawaru
  8275 | D:9      | Reached skill level 5 in Shields
  8286 | D:9      | Noticed a two-headed ogre
  8294 | D:9      | Killed a two-headed ogre
  8400 | D:9      | Noticed a two-headed ogre
  8405 | D:9      | Killed a two-headed ogre
  8428 | D:9      | Reached skill level 12 in Invocations
  8486 | D:9      | Noticed a two-headed ogre
  8492 | D:9      | Killed a two-headed ogre
  8492 | D:9      | Received a gift from Okawaru
  8567 | D:9      | Noticed an orc knight
  8579 | D:9      | Killed an orc knight
  8580 | D:9      | Reached skill level 10 in Fighting
  8954 | D:10     | Entered Level 10 of the Dungeon
  9162 | D:10     | Reached XP level 12. HP: 96/97 MP: 19/21
  9792 | D:10     | Found an ornate altar of the Wu Jian Council.
 10111 | D:11     | Received a gift from Okawaru
 10280 | D:11     | Found a staircase to the Orcish Mines.
 10474 | D:11     | Reached skill level 13 in Invocations
 10561 | D:11     | Found a staircase to the Lair.
 11008 | D:12     | Reached skill level 10 in Axes
 11457 | D:12     | Reached skill level 5 in Armour
 11513 | D:12     | Noticed a two-headed ogre
 11519 | D:12     | Killed a two-headed ogre
 11773 | D:12     | Received a gift from Okawaru
 12295 | Orc:1    | Entered Level 1 of the Orcish Mines
 12317 | Orc:1    | Reached skill level 5 in Throwing
 12321 | Orc:1    | Noticed an orc warlord
 12331 | Orc:1    | Banished an orc warlord
 12399 | Orc:1    | Noticed Erica
 12402 | Orc:1    | Noticed Nergalle
 12403 | Orc:1    | Banished Erica
 12413 | Orc:1    | Killed Nergalle
 12490 | Orc:1    | Found Bufem's Assorted Antiques.
 12492 | Orc:1    | Paralysed by an orc sorcerer for 2 turns
 12531 | Orc:1    | Bought a scroll of enchant weapon for 225 gold pieces
 12531 | Orc:1    | Bought a scroll of enchant armour for 225 gold pieces
 12531 | Orc:1    | Bought a fizzy orange potion for 27 gold pieces
 12531 | Orc:1    | Bought a potion of heal wounds for 150 gold pieces
 12531 | Orc:1    | Bought a potion of enlightenment for 150 gold pieces
 12598 | Orc:1    | Gained mutation: Your movements are less encumbered by
                  | armour. (ER -4) [demonic ancestry]
 12598 | Orc:1    | Reached XP level 13. HP: 106/106 MP: 21/23
 12758 | Orc:2    | Entered Level 2 of the Orcish Mines
 12762 | Orc:2    | Noticed an ettin
 12768 | Orc:2    | Killed an ettin
 12769 | Orc:2    | Reached skill level 14 in Invocations
 12877 | Orc:2    | Reached ****** piety under Okawaru
 12877 | Orc:2    | Received a gift from Okawaru
 12879 | Orc:2    | Found a staircase to the Elven Halls.
 12883 | Orc:2    | Found Haugar's General Store.
 12983 | Orc:2    | Found Zafomat's Magic Scroll Emporium.
 12986 | Orc:2    | Bought a scroll of brand weapon for 142 gold pieces
 12986 | Orc:2    | Bought a potion of resistance for 150 gold pieces
 12988 | Orc:2    | Found Ruh Ziqe's Magic Scroll Shop.
 12989 | Orc:2    | Found Xokitrup's Jewellery Shop.
 12991 | Orc:2    | Bought a scroll of teleportation for 39 gold pieces
 12991 | Orc:2    | Bought a scroll of fog for 52 gold pieces
 12991 | Orc:2    | Bought a scroll of immolation for 52 gold pieces
 12991 | Orc:2    | Bought a scroll of immolation for 52 gold pieces
 12991 | Orc:2    | Bought a scroll of silence for 123 gold pieces
 13002 | Orc:2    | Bought a scroll of enchant weapon for 75 gold pieces
 13051 | Orc:2    | Received a gift from Okawaru
 13174 | Orc:2    | Found a transporter.
 13174 | Orc:2    | Found Fatiet's Antique Armour Shoppe.
 13206 | Orc:2    | Found a transporter.
 13773 | Lair:1   | Entered Level 1 of the Lair of Beasts
 13804 | Lair:1   | Noticed Jeremiah
 13834 | Lair:1   | Killed Jeremiah
 13835 | Lair:1   | Reached skill level 15 in Invocations
 13934 | Lair:1   | Found a dark tunnel.
 13948 | Volcano  | Entered a volcano
 14204 | Lair:1   | Received a gift from Okawaru
 14261 | Lair:1   | Acquired the +7 lajatang of Order {silver, rMut}
 14261 | Lair:1   | Received a gift from Okawaru
 14261 | Lair:1   | Found the +7 lajatang of Order {silver, rMut}
 14263 | Lair:1   | Acquired the +3 kite shield of Vexation {rF- rN+ Int+6}
 14263 | Lair:1   | Received a gift from Okawaru
 14493 | Lair:1   | Gained mutation: When hurt, damage is shared between your
                  | health and your magic reserves. [demonic ancestry]
 14493 | Lair:1   | Reached XP level 14. HP: 108/115 MP: 21/25
 15058 | Lair:2   | Reached skill level 10 in Armour
 15099 | Lair:2   | Found a hole to the Spider Nest.
 15335 | Lair:2   | Noticed Urug
 15345 | Lair:2   | Killed Urug
 15549 | Lair:2   | Found a sparkling altar of Nemelex Xobeh.
 16192 | Lair:3   | Noticed Josephine
 16195 | Lair:3   | Received a gift from Okawaru
 16204 | Lair:3   | Killed Josephine
 16535 | Lair:3   | Found a staircase to the Swamp.
 17009 | Lair:4   | Identified the maw talisman of Skepticism {Str+8 Int-3}
 17009 | Lair:4   | Noticed Rupert
 17114 | Lair:4   | Identified the +2 ring mail of Midwinter {rPois rF+}
 17254 | Lair:4   | Reached skill level 10 in Throwing
 17260 | Lair:4   | Killed Rupert
 17301 | Lair:4   | Found a transporter.
 17378 | Lair:4   | Reached skill level 16 in Invocations
 17813 | Lair:4   | Found a transporter.
 17855 | Lair:4   | Identified the +0 hat of Yreicwip {Rampage}
 17996 | Lair:5   | Entered Level 5 of the Lair of Beasts
 18084 | Lair:5   | Found a staircase to the Slime Pits.
 18084 | Lair:5   | Found a viscous altar of Jiyva.
 18288 | Lair:5   | Received a gift from Okawaru
 18721 | Lair:5   | Reached XP level 15. HP: 124/124 MP: 24/27
 18835 | Lair:5   | Received a gift from Okawaru
 18952 | Lair:5   | Found a large runed translucent door.
 18952 | Lair:5   | Found a large runed translucent door.
 18999 | Lair:5   | Reached XP level 16. HP: 131/131 MP: 8/28
 20233 | D:13     | Found a shimmering altar of Xom.
 20254 | D:13     | Reached skill level 17 in Invocations
 20366 | D:14     | Received a gift from Okawaru
 20848 | D:14     | Received a gift from Okawaru
 21127 | D:14     | Found a transporter.
 21135 | D:14     | Found a bloodstained altar of Trog.
 21142 | D:14     | Noticed haldagan's ghost (adept BaWr)
 21202 | D:14     | Found a transporter.
 21398 | D:14     | Found a gate to the Vaults.
 21409 | D:14     | Received a gift from Okawaru
 21555 | D:15     | Entered Level 15 of the Dungeon
 21813 | D:15     | Noticed Louise
 21823 | Abyss:2  | Cast into level 2 of the Abyss (Louise)
 21825 | Abyss:2  | Found a corrupted altar of Lugonu.
 21830 | Abyss:2  | Found a corrupted altar of Lugonu.
 21879 | Abyss:2  | Found a corrupted altar of Lugonu.
 21933 | Abyss:2  | Noticed a tentacled starspawn
 21939 | Abyss:2  | Reached skill level 15 in Axes
 21945 | Abyss:2  | Killed a tentacled starspawn
 22027 | Abyss:2  | Gained mutation: You regenerate a lot of health from kills.
                  | [demonic ancestry]
 22027 | Abyss:2  | Reached XP level 17. HP: 107/138 MP: 18/23
 22123 | Abyss:2  | Received a gift from Okawaru
 22241 | Abyss:2  | Found a corrupted altar of Lugonu.
 22261 | Abyss:2  | Found a corrupted altar of Lugonu.
 22348 | Abyss:2  | Killed Erica
 22377 | D:15     | Escaped the Abyss
 22389 | D:15     | Killed Louise
 22648 | D:15     | Found a staircase to the Depths.
 22780 | D:15     | Found a basalt altar of Yredelemnul.
 23293 | Spider:1 | Entered Level 1 of the Spider Nest
 23460 | Swamp:1  | Entered Level 1 of the Swamp
 23476 | Swamp:1  | Received a gift from Okawaru
 24552 | Swamp:2  | Noticed Mlioglotl
 24558 | Arena    | Entered the Arena
 24566 | Arena    | Killed Mlioglotl
 24964 | Swamp:3  | Identified the +0 chain mail of Gitrelu {rElec}
 25058 | Swamp:3  | Found a runed translucent door.
 25076 | Swamp:3  | Noticed Impy's ghost (adept DsGl)
 25336 | Swamp:3  | Identified the +2 trident of the Summoning Gods {heavy, rN+
                  | Will+ Int+2}
 25363 | Swamp:3  | Killed Impy's ghost
 25464 | Swamp:4  | Entered Level 4 of the Swamp
 25479 | Swamp:4  | Paralysed by a fenstrider witch for 2 turns
 25679 | Swamp:4  | Paralysed by a fenstrider witch for 3 turns
 25694 | Swamp:4  | Reached XP level 18. HP: 145/145 MP: 0/30
 25823 | Swamp:4  | Received a gift from Okawaru
 25922 | Swamp:4  | Got a mossy gem with 59 turns to spare
 25922 | Swamp:4  | Got a decaying rune of Zot
 25981 | Swamp:4  | Lost the mossy gem through the power of Zot.Gained a life
                  | (4 lives remaining)
 26373 | D:14     | Reached skill level 18 in Invocations
 26403 | D:14     | Killed haldagan's ghost
 26415 | D:14     | Identified the +0 cloak "Erajad" {Str+3}
 26586 | Orc:2    | Bought the ring of Loblymah {rN+ rCorr Dex+5} for 560 gold
                  | pieces
 26869 | Spider:1 | Received a gift from Okawaru
 27018 | Spider:1 | Reached skill level 15 in Fighting
 27155 | Spider:1 | Reached skill level 19 in Invocations
 27701 | Spider:2 | Received a gift from Okawaru
 28646 | Spider:3 | Identified the +5 spear of the Dark Horse {elec, rElec
                  | rPois Stlth-}
 29089 | Spider:4 | Entered Level 4 of the Spider Nest
 29152 | Spider:4 | Reached XP level 19. HP: 157/157 MP: 32/32
 29746 | Spider:4 | Identified the +0 pair of boots "Owuqom" {+Blink Int+4}
 29778 | Spider:4 | Got a gossamer rune of Zot
 29922 | Spider:4 | Identified the +0 pair of gloves of the Elven Halls {rC+
                  | Int+7 Dex+2 Stlth-}
 30193 | Vaults:1 | Entered Level 1 of the Vaults
 30283 | Vaults:1 | Found the +5 glaive of the Guard {elec, spectral}
 30899 | Vaults:1 | Found Ekeoloqu's Book Shoppe.
 31253 | Vaults:1 | Received a gift from Okawaru
 31686 | Vaults:2 | Found a staircase to the Crypt.
 32002 | Vaults:2 | Reached skill level 10 in Shields
 32022 | Vaults:2 | Gained mutation: When low on magic, you restore magic in
                  | place of health. [demonic ancestry]
 32022 | Vaults:2 | Reached XP level 20. HP: 167/167 MP: 33/33
 32154 | Vaults:2 | Received a gift from Okawaru
 32330 | Vaults:2 | Found Extaywaqa's Magic Scroll Shoppe.
 32358 | Vaults:2 | Bought a scroll of teleportation for 45 gold pieces
 32358 | Vaults:2 | Bought a scroll of teleportation for 45 gold pieces
 32358 | Vaults:2 | Bought a scroll of teleportation for 45 gold pieces
 32358 | Vaults:2 | Bought a scroll of fear for 60 gold pieces
 32358 | Vaults:2 | Bought a scroll of blinking for 112 gold pieces
 32746 | Vaults:3 | Received a gift from Okawaru
 33137 | Vaults:3 | You are sucked into a shaft and drop 1 floor!
 33146 | Vaults:4 | Noticed Sojobo
 33168 | Vaults:4 | Killed Sojobo
 33281 | Vaults:4 | Received a gift from Okawaru
 33371 | Vaults:4 | Reached skill level 10 in Dodging
 33458 | Vaults:4 | Reached skill level 15 in Armour
 33789 | Vaults:4 | Noticed Mara
 33794 | Vaults:4 | Noticed Amplified's illusion
 33799 | Vaults:4 | Killed Mara
 33972 | Vaults:4 | Paralysed by a sphinx for 2 turns
 33991 | Vaults:4 | Paralysed by a sphinx for 5 turns
 34103 | Vaults:4 | Received a gift from Okawaru
 34281 | Vaults:4 | Paralysed by a sphinx for 4 turns
 34599 | Crypt:1  | Entered Level 1 of the Crypt
 34915 | Crypt:2  | Gained mutation: Your presence sometimes corrodes those you
                  | injure. [demonic ancestry]
 34915 | Crypt:2  | Reached XP level 21. HP: 121/177 MP: 23/34
 35412 | Crypt:2  | Received a gift from Okawaru
 35689 | Crypt:3  | Entered Level 3 of the Crypt
 35792 | Crypt:3  | Noticed a curse toe
 35975 | Crypt:3  | Got the Elucidation of the Voyage and Pollution
 36097 | Crypt:3  | Received a gift from Okawaru
 36487 | Crypt:3  | Noticed an ancient lich
 36533 | Crypt:3  | Killed a curse toe
 36585 | Crypt:3  | Noticed an ancient lich
 36731 | Crypt:3  | Found a staircase to the Tomb.
 36802 | Crypt:3  | Paralysed by a vampire knight for 5 turns
 37012 | Crypt:3  | Killed an ancient lich
 37017 | Crypt:3  | Reached skill level 15 in Shields
 37027 | Crypt:3  | Killed an ancient lich
 37031 | Crypt:3  | Identified the ring of Qoq Hut {^Drain rElec rC+ Str+5
                  | Dex+6}
 37038 | Crypt:3  | Identified the ring of Tirghosotu {rF+ Will+ Stlth+}
 37045 | Crypt:3  | Identified the ring of Disaster {Ice rElec}
 37050 | Crypt:3  | Identified the ring "Lohel" {rN+ Dex+4}
 37050 | Crypt:3  | Identified the amulet of Jeogg {Rampage *Slow Regen+ SInv}
 37050 | Crypt:3  | Identified the ring "Poynid" {^Contam rPois rN+ Int+2}
 37839 | Depths:1 | Entered Level 1 of the Depths
 37924 | Depths:1 | Noticed a golden dragon
 37941 | Depths:1 | Killed a golden dragon
 37984 | Depths:1 | Received a gift from Okawaru
 38012 | Depths:1 | Gained mutation: You have a pair of large horns on your
                  | head. [demonic ancestry]
 38012 | Depths:1 | Reached XP level 22. HP: 185/185 MP: 35/35
 38108 | Depths:1 | Received a gift from Okawaru
 38121 | Depths:1 | Identified the +4 mace of Jocular Expedience {chaos, Str+3
                  | Dex-2}
 38131 | Depths:1 | Identified the +10 glaive of Wimy {drain, Int+3 SInv}
 38694 | Depths:1 | Reached skill level 20 in Invocations
 38736 | Depths:1 | Found a sacrificial altar of Ru.
 38809 | Depths:1 | Found a gateway to Hell.
 39088 | Depths:2 | Received a gift from Okawaru
 39245 | Depths:2 | Found a one-way gate to the infinite horrors of the Abyss.
 39485 | Depths:2 | Got Duuwkele's Exposition on Ice
 39595 | Depths:3 | Noticed a golden dragon
 39605 | Depths:3 | Killed a golden dragon
 39654 | Depths:3 | Found a one-way gateway to a ziggurat.
 39851 | Depths:3 | Found a one-way gate leading to the halls of Pandemonium.
 39920 | Depths:3 | Identified the +1 scale mail of the Ant {rC+ rN++ Dex-4}
 40048 | Depths:3 | Received a gift from Okawaru
 40100 | Depths:3 | Noticed a royal mummy
 40113 | Depths:3 | Killed a royal mummy
 40135 | Depths:3 | Found the amulet of Vitality {RegenMP++ Regen++}
 40136 | Depths:3 | Noticed a royal mummy
 40148 | Depths:3 | Killed a royal mummy
 40439 | Depths:3 | Identified the ring of Temptation {Wiz rC+ Int+4}
 40679 | Depths:4 | Entered Level 4 of the Depths
 40702 | Depths:4 | Reached skill level 21 in Invocations
 40731 | Depths:4 | Gained mutation: Your presence sometimes corrodes or
                  | deforms those you injure. [demonic ancestry]
 40731 | Depths:4 | Reached XP level 23. HP: 145/194 MP: 33/37
 40936 | Depths:4 | Found Lozuir's Jewellery Shoppe.
 40938 | Depths:4 | Found Fulaipha's Book Emporium.
 40940 | Depths:4 | Found Irilal's Magic Scroll Shoppe.
 40948 | Depths:4 | Bought a scroll of acquirement for 988 gold pieces
 40948 | Depths:4 | Bought a scroll of teleportation for 57 gold pieces
 40948 | Depths:4 | Bought a scroll of teleportation for 57 gold pieces
 40948 | Depths:4 | Bought a scroll of fog for 76 gold pieces
 40948 | Depths:4 | Bought a scroll of fog for 76 gold pieces
 40948 | Depths:4 | Bought a scroll of immolation for 76 gold pieces
 40948 | Depths:4 | Acquired 882 gold pieces
 41022 | Depths:4 | Noticed Boris
 41053 | Depths:4 | Killed Boris
 41059 | Depths:4 | Received a gift from Okawaru
 41137 | Depths:4 | Found a gate to the Realm of Zot.
 41139 | Depths:4 | Paralysed by an air elemental for 1 turns
 41146 | Depths:4 | Paralysed by an air elemental for 1 turns
 41150 | Depths:4 | Paralysed by an air elemental for 1 turns
 41738 | Depths:3 | Voluntarily entered the Abyss.
 41883 | Abyss:3  | Found a corrupted altar of Lugonu.
 41904 | Abyss:3  | Found a corrupted altar of Lugonu.
 41943 | Abyss:4  | Found a corrupted altar of Lugonu.
 42019 | Abyss:4  | Received a gift from Okawaru
 42159 | Abyss:4  | Found a corrupted altar of Lugonu.
 42232 | Abyss:5  | Noticed an ancient lich
 42233 | Abyss:5  | Found a corrupted altar of Lugonu.
 42254 | Abyss:5  | Killed an ancient lich
 42320 | Abyss:5  | Reached skill level 22 in Invocations
 42362 | Abyss:5  | Got an abyssal rune of Zot
 42367 | Depths:3 | Escaped the Abyss
 42672 | Vaults:5 | Entered Level 5 of the Vaults
 42675 | Vaults:5 | Noticed an ancient lich
 42679 | Vaults:5 | Received a gift from Okawaru
 42685 | Vaults:5 | Noticed a dread lich
 42696 | Vaults:5 | Killed an ancient lich
 42757 | Vaults:5 | Received a gift from Okawaru
 42761 | Vaults:5 | Noticed an ancient lich
 42768 | Vaults:5 | Reached XP level 24. HP: 205/205 MP: 38/38
 42770 | Vaults:5 | Killed an ancient lich
 42780 | Vaults:5 | Killed a dread lich
 42858 | Vaults:5 | Reached skill level 23 in Invocations
 42960 | Vaults:5 | Noticed an ancient lich
 43000 | Vaults:5 | Killed an ancient lich
 43196 | Vaults:5 | Identified the staff of Faetryal {rC+ Str-2 Int+7 Dex-4 Ice
                  | Air}
 43342 | Vaults:5 | Identified the orb of Qygigabro {*channel, Str+4}
 43342 | Vaults:5 | Noticed Frederick
 43353 | Vaults:5 | Killed Frederick
 43353 | Vaults:5 | Received a gift from Okawaru
 43427 | Vaults:5 | Got a silver rune of Zot
 43792 | Vaults:5 | Identified the +1 cloak of the Thinker {Rampage}
 44326 | Slime:1  | Entered Level 1 of the Pits of Slime
 44359 | Slime:2  | Reached skill level 15 in Dodging
 44487 | Slime:5  | Entered Level 5 of the Pits of Slime
 44566 | Slime:5  | Noticed the Royal Jelly
 45030 | Slime:5  | Noticed Dissolution
 45076 | Slime:5  | Gained mutation: Your magical capacity is low. (-10% MP) [a
                  | shining eye]
 45176 | Slime:5  | Found a viscous altar of Jiyva.
 45210 | Slime:5  | Found the +2 pair of slick slippers {slick, slippery, EV+4}
 45243 | Slime:5  | Killed Dissolution
 45363 | Slime:5  | Gained mutation: You are weak. (Str -2) [a shining eye]
 45370 | Slime:5  | Gained mutation: You are vulnerable to heat. (rF-) [a
                  | shining eye]
 45372 | Slime:5  | Gained mutation: You are clumsy. (Dex -2) [a shining eye]
 45381 | Slime:5  | Killed the Royal Jelly
 45382 | Slime:5  | Reached skill level 24 in Invocations
 45448 | Slime:5  | Identified the ring "Leat" {Wiz rF+ rC+ rCorr Stlth-}
 45454 | Slime:5  | Identified the +2 plate armour of the Kodama {-Cast Rampage
                  | rPois rC++}
 45542 | Slime:5  | Got Sif Muna's Codex of Portals and Amathomancy
 45600 | Slime:5  | Identified the +1 ring mail of Mymp {rPois}
 45645 | Slime:5  | Identified the ring of Skepticism {rC- EV+5 Str+2 Int+4}
 45662 | Slime:5  | Got a slimy rune of Zot
 45673 | Slime:5  | Identified the +5 scale mail of Huapim {rPois Int+3}
 46188 | Elf:1    | Entered Level 1 of the Elven Halls
 46224 | Elf:1    | Noticed Azrael
 46236 | Elf:1    | Killed Azrael
 46237 | Elf:1    | Gained mutation: Your movements are significantly less
                  | encumbered by armour. (ER -6) [demonic ancestry]
 46237 | Elf:1    | Reached XP level 25. HP: 212/215 MP: 34/35
 46263 | Elf:1    | Found Xemig's Jewellery Boutique.
 46265 | Elf:1    | Found Qidonaih's Book Shoppe.
 46266 | Elf:1    | Found Supriatoru's Jewellery Boutique.
 46404 | Elf:1    | Noticed Asterion
 46420 | Elf:1    | Killed Asterion
 46440 | Elf:1    | Found a runed translucent gate.
 46440 | Elf:1    | Found a runed translucent gate.
 46440 | Elf:1    | Found a runed translucent gate.
 46441 | Elf:1    | Noticed Bizboz's ghost (adept DjAl)
 46823 | Elf:1    | Noticed Kirke
 46834 | Elf:1    | Killed Kirke
 47287 | Elf:1    | Killed Bizboz's ghost
 47309 | Elf:1    | Acquired the +6 broad axe of Eminent Domain {freeze, Int+3}
 47406 | Elf:1    | Got Ereshkigal's Notes on Malignant Ceremonies
 47810 | Elf:2    | Paralysed by an air elemental for 1 turns
 47815 | Elf:2    | Paralysed by an air elemental for 1 turns
 48094 | Elf:2    | Found a huge runed translucent gate.
 48094 | Elf:2    | Found a huge runed translucent gate.
 48094 | Elf:2    | Found a huge runed translucent gate.
 48095 | Elf:2    | Found a huge runed translucent gate.
 48098 | Elf:2    | Found a huge runed translucent gate.
 48220 | Elf:3    | Entered Level 3 of the Elven Halls
 48382 | Elf:3    | Lost mutation: Your magical capacity is low. (-10% MP)
                  | [potion of mutation]
 48382 | Elf:3    | Lost mutation: You are weak. (Str -2) [potion of mutation]
 48382 | Elf:3    | Gained mutation: You have hidden genetic defects. [potion
                  | of mutation]
 48382 | Elf:3    | Gained mutation: Your flesh is cold resistant. (rC+)
                  | [potion of mutation]
 48382 | Elf:3    | Gained mutation: Your flesh is very cold resistant. (rC++)
                  | [potion of mutation]
 48383 | Elf:3    | Lost mutation: Your flesh is very cold resistant. (rC++)
                  | [potion of mutation]
 48383 | Elf:3    | Lost mutation: You have hidden genetic defects. [potion of
                  | mutation]
 48383 | Elf:3    | Lost mutation: You are vulnerable to heat. (rF-) [potion of
                  | mutation]
 48383 | Elf:3    | Gained mutation: You expend magic power (3 MP) to
                  | strengthen your wands. [potion of mutation]
 48502 | Elf:3    | Noticed Nikola
 48514 | Elf:3    | Killed Nikola
 48797 | Abyss:5  | Cast into level 5 of the Abyss (a deep elf sorcerer)
 48826 | Elf:3    | Escaped the Abyss
 48870 | Elf:3    | Identified the ring "Leummuav" {Fire Str+8 Int+4 Dex-2}
 48870 | Elf:3    | Identified the ring "Bysi" {Ice rPois Will+ Dex+7 Slay-4}
 48870 | Elf:3    | Found the +3 pair of mountain boots {steadfast, rC+}
 48882 | Elf:3    | Received a gift from Okawaru
 49228 | Elf:3    | Identified the staff "Tizoll" {rElec rPois rCorr Int-3
                  | Hexes Air}
 49228 | Elf:3    | Identified the +3 leather armour of Feral Contentment
                  | {rPois rF+ Int+3}
 49815 | Zig:1    | Entered Level 1 of a ziggurat
 49832 | Zig:2    | Entered Level 2 of a ziggurat
 49851 | Zig:2    | Identified the +1 robe "Apseu" {rElec rN+ SInv}
 49942 | Zig:3    | Entered Level 3 of a ziggurat
 49950 | Zig:3    | Reached skill level 25 in Invocations
 49977 | Zig:4    | Entered Level 4 of a ziggurat
 50005 | Zig:5    | Entered Level 5 of a ziggurat
 50041 | Zig:6    | Entered Level 6 of a ziggurat
 50078 | Zig:6    | Identified the +1 morningstar of Birraif {flame, rElec rC+
                  | Will+}
 50319 | Orc:2    | Bought a scroll of revelation for 75 gold pieces
 50319 | Orc:2    | Bought a scroll of enchant armour for 75 gold pieces
 50319 | Orc:2    | Bought a scroll of revelation for 75 gold pieces
 50319 | Orc:2    | Bought a scroll of teleportation for 30 gold pieces
 50319 | Orc:2    | Bought a scroll of brand weapon for 95 gold pieces
 50337 | Orc:2    | Gained mutation: You sometimes lose your temper in combat.
                  | [mutagenic glow]
 50397 | Orc:2    | Lost mutation: Your flesh is cold resistant. (rC+) [potion
                  | of mutation]
 50397 | Orc:2    | Lost mutation: You are clumsy. (Dex -2) [potion of
                  | mutation]
 50397 | Orc:2    | Lost mutation: You sometimes lose your temper in combat.
                  | [potion of mutation]
 50397 | Orc:2    | Gained mutation: You have sharp toenails. [potion of
                  | mutation]
 50658 | Zot:1    | Entered Level 1 of the Realm of Zot
 50917 | Zot:1    | Received a gift from Okawaru
 51379 | Zot:1    | Noticed an ancient lich
 51379 | Zot:1    | Noticed a Killer Klown
 51412 | Zot:1    | Killed an ancient lich
 51426 | Zot:1    | Killed a Killer Klown
 51445 | Zot:1    | Reached XP level 26. HP: 224/226 MP: 32/39
 52386 | Zot:2    | Reached skill level 26 in Invocations
 52386 | Zot:2    | Received a gift from Okawaru
 53019 | Zot:3    | Found a transporter.
 53019 | Zot:3    | Found a transporter.
 53805 | Zot:3    | Noticed an orb of fire
 53898 | Zot:4    | Acquired a manual of Summonings
 54358 | Zot:4    | Reached skill level 27 in Invocations
 54556 | Zot:4    | Noticed an orb of fire
 54556 | Zot:4    | Gained mutation: Your magical capacity is low. (-10% MP)
                  | [an orb of fire]
 54566 | Zot:4    | Killed an orb of fire
 54567 | Zot:4    | Gained mutation: You can speak a Word of Chaos. [demonic
                  | ancestry]
 54567 | Zot:4    | Reached XP level 27. HP: 235/235 MP: 33/36
 54798 | Zot:5    | Entered Level 5 of the Realm of Zot
 54799 | Zot:5    | Noticed an ancient lich
 55510 | Zot:5    | Noticed an orb of fire
 55513 | Zot:5    | Gained mutation: You are frail. (-10% HP) [an orb of fire]
 55517 | Zot:5    | Gained mutation: You are clumsy. (Dex -2) [an orb of fire]
 55524 | Zot:5    | Killed an orb of fire
 55599 | Zot:5    | Noticed an orb of fire
 55602 | Zot:5    | Gained mutation: You are dopey. (Int -2) [an orb of fire]
 55614 | Zot:5    | Killed an orb of fire
 55699 | Zot:5    | Noticed a dread lich
 55716 | Zot:5    | Killed a dread lich
 55861 | Zot:5    | Got the Orb of Zot
 55874 | Zot:5    | Noticed a seraph
 55896 | Zot:5    | Noticed Sosant the pandemonium lord
 56226 | D:11     | Noticed Sutaexzeu the pandemonium lord
 56320 | D:7      | Noticed Debreh Tuorph the pandemonium lord
 56334 | D:6      | Killed Debreh Tuorph the pandemonium lord
 56467 | D:$      | Escaped with the Orb!

Illustrated notes

Levels and vault maps discovered:
D:1:      lightli_arrival_maybe_door_vault, layout_loops_ring,
          basic_ecumenical_altar
D:2:      layout_basic, basic_altar
D:3:      layout_loops_ring, minitemple, serial_shops, shop, shop,
          minmay_misc_feat_four_crosses
D:4:      layout_rooms, lemuel_tele_altar, mainiacjoe_overflow_paths,
          marbit_many_paths, uniq_menkaure, uniq_natasha
D:5:      layout_basic, temple_green
D:6:      layout_loops_cross, nicolae_overflow_hidden_temple, serial_shops, shop
D:7:      hangedman_cross_stitches, layout_cave_pools,
          mainiacjoe_overflow_concentric_impassable,
          makhleb_blood_cavern_becter, uniq_maurice
D:8:      layout_basic, kennysheep_mini_moat, uniq_pikel
D:9:      lemuel_castle_with_subvaults [lemuel_castle_interior_carwin_2],
          layout_stronghold, enter_bailey_1
D:10:     layout_basic, nicolae_wu_jian_immortal_techniques,
          serial_co_window_serial, co_window_paths_a, co_window_paths_a,
          co_window_paths_a, co_window_paths_a, co_window_corner_a,
          co_window_paths_b, co_window_corner_a, co_window_corner_a,
          co_window_of_opportunity_a, co_window_corner_cb, co_window_corner_cb,
          co_window_unsneaky_path_b, co_window_2corner, glass_columns_a
D:11:     layout_basic, lair_entry_dummy, orc_0_dummy
D:12:     layout_layer_cave
D:13:     layout_cave_pools, tgw_xom
D:14:     minmay_opposing_rooms, layout_loops_ring,
          skrybe_vaults_entry_preservation, serial_undead, serial_undead_d,
          serial_undead_a, serial_undead_f, serial_undead_e,
          gammafunk_ghost_wrathful_warriors
D:15:     hellmonk_depths_entry_around_the_bend, layout_basic, hex_large,
          yredelemnul_altar_generic, uniq_louise
Lair:1:   layout_small_grid, nicolae_volcano_entry_batcave,
          eino_small_chamber_without_monster, nzn_random_ring, uniq_jeremiah
Lair:2:   layout_cave_pods, nicolae_spider_entry_non_spiders, basic_altar,
          amcnicky_mini_pool_medium, infiniplex_staircase_pool, uniq_urug
Lair:3:   layout_long_grid, nicolae_swamp_entry_splash_gauntlet, serial_forest,
          infiniplex_forest_zigzag_2, infiniplex_forest_straight_4,
          infiniplex_forest_clump_tiny, infiniplex_forest_clump_large,
          infiniplex_forest_zigzag_1, infiniplex_forest_lined_room_3,
          infiniplex_forest_clump_double, uniq_josephine
Lair:4:   gammafunk_worm_tunnel, layout_small_grid, nicolae_lair_lil_pond,
          infiniplex_staircase_pool_2, uniq_rupert
Lair:5:   cheibrodos_lair_end_hotspot, layout_regular_city,
          nicolae_slime_entry_slimehenge, serial_bayou_shore_b,
          lemuel_fruit_tree, serial_bayou_shore_b
Swamp:1:  layout_basic_swamp, nicolae_swamp_dense_foliage,
          nicolae_swamp_tree_isthmus
Swamp:2:  layout_basic_swamp, nicolae_swamp_fairy_circle,
          nicolae_swamp_decorative_isthmus, nicolae_swamp_long_stream,
          uniq_mlioglotl
Swamp:3:  layout_basic_swamp, ebering_ghost_funeral_grove,
          evilmike_swamp_ruin_house_4
Swamp:4:  swamp_alternative, layout_basic_swamp
Spider:1: layout_spider_delve
Spider:2: layout_spider_delve, nicolae_crawler_farm
Spider:3: layout_spider_delve, nicolae_spider_moth_buddies
Spider:4: spider_rune_water
Slime:1:  layout_caves, cheibrodos_slime_lost_civilization_7
Slime:2:  layout_caves
Slime:3:  cheibrodos_slime_lost_civilization_10, layout_caves,
          cheibrodos_slime_lost_civilization_6
Slime:4:  layout_caves
Slime:5:  slime_pit_nicolae_trefoil, uniq_dissolution
Orc:1:    layout_diamond_mine, serial_shops, nicolae_shop_statue_plus,
          uniq_erica, uniq_nergalle
Orc:2:    st_orc_open, layout_caves, serial_shops, nicolae_shop_drivethru,
          minmay_orc_barracks
Elf:1:    layout_gridlike, gammafunk_ghost_ooze, minmay_elf_necromancy,
          minmay_shop_grove, uniq_kirke, uniq_asterion, uniq_azrael
Elf:2:    elven_hall_of_blades_hangedman_alternative
          [nicolae_blade_entry_hurt_lockers], layout_geoelf_diagonals
Elf:3:    minmay_elf_hall_spiked, layout_geoelf_octagon,
          dreamdust_princess_corridor, uniq_nikola
Vaults:1: nicolae_vaults_oval_intersection, v_misc_28, ontoclasm_vaults_fault,
          ontoclasm_vaults_ligature, hangedman_vaults_unwind,
          hangedman_vaults_maws, ontoclasm_vaults_idyll, v_misc_18,
          nicolae_vaults_surprise_closet, grunt_vaults_bifocal,
          minmay_guarded_unrand_guard, dpeg_vaults_monster_box,
          layout_vaults_ring, serial_shops, shop
Vaults:2: nicolae_whirlpool, nicolae_vaults_closet_pinwheel_6,
          nicolae_vaults_apartment_2, v_misc_12,
          nicolae_vaults_heart-shaped_vault, vaults_room_grunt_arrival_ludios,
          nicolae_vaults_little_squares_6, minmay_crypt_entry_skeletal_spiral,
          grunt_vaults_funnel, vaults_standard_mumra_enter_the_diamond,
          layout_vaults_big_room, serial_shops, shop
Vaults:3: grunt_vaults_focal, nicolae_vaults_what_the_h,
          wander_protected_by_tso, nicolae_vaults_tetromino_T_2,
          nicolae_vaults_trapezoid_3, nicolae_vaults_storage_room_water,
          ontoclasm_vaults_gateway, nicolae_vaults_little_squares_6,
          nicolae_vaults_door_testing_chamber, v_misc_25,
          vaults_room_stairs_pillars, layout_vaults_omnigrid, serial_shops, shop
Vaults:4: nicolae_vaults_surprise_closet, v_alt_pattern_4,
          nicolae_vaults_ninety_degrees, nicolae_vaults_yaktaur_gun_rack,
          ontoclasm_vaults_ring_square, nicolae_vaults_shrinking_rooms_1,
          v_misc_18, vaults_room_hallway, nicolae_vaults_closet_pinwheel_4,
          nicolae_vaults_variable_pillar_hall, layout_vaults_omnicross,
          uniq_mara, uniq_sojobo
Vaults:5: serial_shops, uniq_frederick
Crypt:1:  layout_basic, minmay_misc_feat_pillars, grunt_ministairs_4,
          lemuel_dead_fish_pool, grunt_crypt_arrival_guarded_gate
Crypt:2:  layout_gridlike, serial_glass, glass_columns_b, glass_columns_a,
          serial_sigils_hangedman_carve, minivault_25
Crypt:3:  david_glass_crypt, layout_gridlike,
          nicolae_tomb_entry_unfolded_pyramid_orthogonal,
          palyth_stone_intersect, serial_library_hellmonk_metal_room
Depths:1: minmay_the_grid_octo_tiled_squarecenter [minmay_the_grid_octo_clover,
          minmay_the_grid_octo_clover_2, minmay_the_grid_octo_fan_narrow,
          minmay_the_grid_octo_checkered,
          minmay_the_grid_square_5x5_megaprize_checkered,
          minmay_the_grid_square_5x5_hourglass,
          minmay_the_grid_square_5x5_inverted_slash,
          minmay_the_grid_square_5x5_trominoes,
          minmay_the_grid_square_5x5_inner_i], layout_gridlike, nrook_campfire,
          hell_entry, kennysheep_nub, hangedman_ru_absence
Depths:2: kennysheep_demon_jail, layout_twisted_cross, rand_demon_pan_entry_9,
          hell_entry, hangedman_abyss_entry_splay, infiniplex_staircase_trident
Depths:3: ragdoll_tomb_raider, layout_cave_shapes, enter_ziggurat_a, hell_entry,
          abyss_entry, minmay_fountain_box, grunt_pan_entry_zigzag
Depths:4: evilmike_zot_entry_diamond, layout_cave_pools, minmay_misc_feat_rows,
          pf_hell_entry_tar_river, dreamdust_looks_like_rain, minmay_shop_star,
          uniq_boris
Zot:1:    grunt_deathspiral_small, layout_cathedral_of_symmetry, st_stairs_4,
          nicolae_zig_zag_zippers
Zot:2:    layout_onion_interference, zot_minivault_5
Zot:3:    kennysheep_bubbly, layout_cathedral_of_symmetry,
          regret_index_zotdec_glowing_original, st_stairs_9,
          nicolae_diode_stairs
Zot:4:    layout_concentric_octagons, regret_index_zotdec_twisting_globes,
          lemuel_elevator
Zot:5:    layout_basic

Skill      XL: |  1  2  3  4  5  6  7  8  9 10 11 12 13 14 15 16 17 18 19 20 21 22 23 24 25 26 27 |
---------------+----------------------------------------------------------------------------------+-----
Axes           | 3 4 5 6 7 8 9 10 11 12 13 15 18 | 18.9
Armour         | 1 2 3 4 7 9 11 12 13 14 15 16 17 18 19 20 21 | 21.9
Invocations    | 1 2 3 4 5 7 9 10 12 13 15 16 17 19 21 22 24 25 27 | 27.0
Fighting       | 3 4 5 6 7 8 10 11 12 13 15 16 18 19 20 21 22 23 | 23.3
Dodging        | 3 4 5 6 8 10 11 12 14 15 16 18 19 | 19.3
Shields        | 2 4 6 8 10 11 15 | 15.2
Throwing       | 5 8 11 12 | 12.4

Action                     |  1- 3 |  4- 6 |  7- 9 | 10-12 | 13-15 | 16-18 | 19-21 | 22-24 | 25-27 || total
---------------------------+-------+-------+-------+-------+-------+-------+-------+-------+-------++-------
  Melee: War axe           |   126 |   151 |   105 |       |       |       |       |       |       ||   382
         Punch             |     1 |     2 |     3 |       |       |       |       |       |       ||     6
         Headbutt          |       |     4 |    38 |    91 |   122 |   332 |   593 |   527 |   467 ||  2174
         Broad axe         |       |       |   129 |   457 |   598 |  1238 |  1682 |  1452 |  1335 ||  6891
  Throw: Throwing net      |     1 |     2 |       |     2 |       |     1 |       |       |       ||     6
         Javelin           |       |       |       |       |       |       |       |     5 |     1 ||     6
 Invoke: Heroism           |       |     2 |     5 |    10 |    14 |    26 |    30 |    30 |    24 ||   141
         Receive Weapon    |       |       |       |       |     1 |       |       |       |       ||     1
         Receive Armour    |       |       |       |       |     1 |       |       |       |       ||     1
         Finesse           |       |       |       |       |     1 |     6 |     5 |    12 |    12 ||    36
         Duel              |       |       |       |       |       |     1 |       |       |       ||     1
  Evoke: Wand              |       |     6 |     3 |     4 |     1 |     1 |       |     4 |     3 ||    22
    Use: Scroll            |     2 |     5 |    11 |     7 |    13 |     6 |     5 |    11 |    16 ||    76
         Potion            |       |     2 |       |       |     5 |     5 |     5 |    17 |     9 ||    43
   Stab: Held in net/web   |     1 |       |       |     2 |       |     2 |       |       |       ||     5
         Petrified         |       |       |       |       |     3 |       |       |       |       ||     3
         Invisible         |       |       |       |       |     2 |    16 |       |    14 |       ||    32
         Petrifying        |       |       |       |       |     1 |       |       |       |       ||     1
         Distracted        |       |       |       |       |       |     2 |       |     1 |    23 ||    26
         Sleeping          |       |       |       |       |       |     1 |     1 |       |       ||     2
         Confused          |       |       |       |       |       |     1 |       |       |       ||     1
         Fleeing           |       |       |       |       |       |     1 |       |       |       ||     1
 Armour: Leather armour    |    28 |       |       |       |       |       |       |       |       ||    28
         Ring mail         |    51 |   115 |       |       |       |       |       |       |       ||   166
         Chain mail        |       |     1 |   156 |   222 |   396 |   747 |   718 |   453 |   200 ||  2893
         Gold dragon scale |       |       |       |       |       |       |       |       |   334 ||   334
         Skin              |       |       |       |       |       |       |       |       |     4 ||     4
  Dodge: Dodged            |    90 |    94 |   110 |   236 |   327 |   688 |   647 |   493 |   505 ||  3190
  Block: Other             |       |    36 |    40 |       |       |       |       |       |       ||    76
         Reflection        |       |     1 |     1 |    18 |    15 |    40 |    51 |    32 |    48 ||   206
         Buckler           |       |       |    38 |   208 |   313 |   707 |   624 |       |       ||  1890
         Kite shield       |       |       |       |       |       |       |   522 |  1237 |   992 ||  2751

Table legend: (Time is in decaauts)
 A = Elapsed time spent in this place.
 B = Non-inter-level travel time spent in this place.
 C = Inter-level travel time spent in this place.
 D = Time resting spent in this place.
 E = Time spent auto-exploring this place.
 F = Levels seen in this place.
 G = Mean time per level.
                   A        B        C        D        E       F      G
               +--------+--------+--------+--------+--------+-----+--------+
         Total |  54780 |  49548 |   5232 |    757 |  35589 |  70 |  782.6 |
       Dungeon |  16300 |  14617 |   1683 |    334 |  11255 |  15 | 1086.7 |
          Lair |   6407 |   5601 |    806 |     13 |   4462 |   5 | 1281.4 |
         Swamp |   2616 |   2490 |    126 |      4 |   1914 |   4 |  654.0 |
   Spider Nest |   3124 |   2872 |    252 |      6 |   2095 |   4 |  781.0 |
    Slime Pits |   1564 |   1519 |     45 |     94 |    817 |   5 |  312.8 |
  Orcish Mines |   1875 |   1452 |    423 |     60 |   1061 |   2 |  937.5 |
   Elven Halls |   3244 |   3091 |    153 |     32 |   2342 |   3 | 1081.3 |
        Vaults |   5764 |   4953 |    811 |      6 |   3625 |   5 | 1152.8 |
         Crypt |   2906 |   2759 |    147 |     42 |   1806 |   3 |  968.7 |
        Depths |   4115 |   3514 |    601 |      0 |   2555 |   4 | 1028.8 |
           Zot |   5074 |   4893 |    181 |     85 |   3232 |   5 | 1014.8 |
         Abyss |   1113 |   1113 |      0 |      0 |    281 |   6 |  185.5 |
      Ziggurat |    247 |    247 |      0 |     81 |      0 |   6 |   41.2 |
        Bailey |    246 |    246 |      0 |      0 |    112 |   1 |  246.0 |
       Volcano |    168 |    168 |      0 |      0 |     31 |   1 |  168.0 |
         Arena |     11 |     11 |      0 |      0 |      0 |   1 |   11.0 |
               +--------+--------+--------+--------+--------+-----+--------+

Top non-repeatable levels by time:
     D:9: 1743 daAuts
   Zot:1: 1551 daAuts
  Lair:1: 1479 daAuts
    D:12: 1468 daAuts
Vaults:2: 1430 daAuts
    D:14: 1412 daAuts
  Lair:2: 1402 daAuts
  Lair:5: 1370 daAuts
Vaults:4: 1368 daAuts
Depths:1: 1353 daAuts
 Crypt:3: 1320 daAuts
Vaults:1: 1317 daAuts
Depths:3: 1308 daAuts
   Orc:2: 1239 daAuts
   Elf:3: 1239 daAuts
